 Dungeon Crawl Stone Soup version 0.25.1-1-g288607f5aa (webtiles) character file.

Game seed: 6672813506738337559

15692 Ijustatesigmund the Cleaver (level 12, -2/87 HPs)
             Began as an Octopode Fighter on July 22, 2020.
             Was a Believer of Cheibriados.
             Slain by a two-headed ogre
             ... wielding a cursed -2 giant club
              (13 damage)
             ... on level 12 of the Dungeon on July 23, 2020.
             The game lasted 00:27:25 (16864 turns).

Ijustatesigmund the Cleaver (Octopode Fighter)     Turns: 16864, Time: 00:27:26

Health: -2/87      AC:  1    Str: 21    XL:     12   Next: 29%
Magic:  22/24      EV: 23    Int: 18    God:    Cheibriados [**....]
Gold:   764        SH: 13    Dex: 20    Spells: 11/11 levels left

rFire    + . .     SeeInvis +   s - +4 hand axe (freeze)
rCold    . . .     Gourm    .   b - +1 kite shield
rNeg     . . .     Faith    .   l - +0 hat {SInv}
rPois    .         Spirit   .   (no amulet)
rElec    .         Reflect  .   f - +4 ring of evasion
rCorr    .         Harm     .   n - ring of magical power
MR       +....                  v - ring of see invisible
Stlth    ++++......             A - ring of protection from magic
HPRegen  0.24/turn              B - ring of protection from fire
MPRegen  0.19/turn              (no ring)
                                (no ring)
                                (no ring)

@: very slightly contaminated, very slow
A: almost no armour, stealthy swim, amphibious, 8 rings, constrict 8, camouflage
1, clever 1, sense surroundings 1, gelatinous body 1, evolution 1, MP-powered
wands
a: Bend Time, Renounce Religion


You were on level 12 of the Dungeon.
You worshipped Cheibriados.
Cheibriados was pleased with you.
You were not hungry.

You visited 2 branches of the dungeon, and saw 13 of its levels.
You also visited: Sewer.

You collected 764 gold pieces.

Inventory:

Hand Weapons
 a - a +0 war axe
 o - a +2 vorpal flail
 s - a +4 hand axe of freezing (weapon)
Missiles
 z - 2 throwing nets (quivered)
Armour
 b - a +1 kite shield (worn)
 l - a +0 hat of see invisible (worn)
Jewellery
 f - a +4 ring of evasion (left tentacle)
 n - a ring of magical power (right tentacle)
 v - a ring of see invisible (on tentacle)
 A - a ring of protection from magic (on tentacle)
 B - a ring of protection from fire (on tentacle)
Wands
 r - a wand of acid (4)
 t - a wand of polymorph (8)
 w - a wand of iceblast (5)
 G - a wand of flame (15)
Scrolls
 e - 6 scrolls of remove curse
 h - 3 scrolls of identify
 i - a scroll of blinking
 p - 3 scrolls of magic mapping
 x - a scroll of amnesia
Potions
 g - 3 potions of flight
 k - a potion of stabbing
 m - a potion of resistance
 q - a potion of magic
 u - 2 potions of brilliance
 D - a potion of cancellation
 F - a potion of curing
Comestibles
 d - 18 rations


   Skills:
 + Level 10.2 Fighting
 + Level 11.3 Axes
 - Level 9.0 Dodging
 - Level 4.1 Stealth
 - Level 9.0 Shields
 + Level 5.1 Invocations


You had 11 spell levels left.
You didn't know any spells.
Your spell library contained the following spells:

 Spells                   Type           Power        Failure   Level  Hunger
 Animate Skeleton         Necr           N/A          43%         1    ##.....
 Apportation              Tloc           #.....       43%         1    ##.....
 Beastly Appendage        Tmut           #.....       43%         1    ##.....
 Corona                   Hex            #......      43%         1    ##.....
 Summon Small Mammal      Summ           #...         43%         1    ##.....
 Sticks to Snakes         Tmut           #.......     56%         2    ###....
 Spider Form              Tmut/Pois      #.........   80%         3    ####...
 Ice Form                 Ice/Tmut       #.......     99%         4    #####..
 Blade Hands              Tmut           #.........   100%        5    ######.


Dungeon Overview and Level Annotations

Branches:
Dungeon (12/15)            Temple (1/1) D:4            Lair (0/6) D:9
    Orc (0/2) D:11          Sewer (visited)

Altars:
Ashenzari
Cheibriados
Dithmenos
Elyvilon
Gozag
Hepliaklqana
Makhleb
Okawaru
Qazlal
Ru
Sif Muna
Trog
Uskayaw
Xom

Shops:
D:7 :

Annotations:
D:9 2 transporters


Innate Abilities, Weirdness & Mutations

You cannot wear most types of armour.
You are very stealthy in the water. (Stealth+)
You are amphibious.
You can wear up to eight rings at the same time.
You can use your tentacles to constrict eight enemies at once.
Your skin changes colour to match your surroundings (Stealth+).
Your rubbery body absorbs attacks. (AC +1, EV +1)
Your mind is acute. (Int +2)
You passively map a small area around you.
You evolve.
You expend magic power (3 MP) to strengthen your wands.


Message History

You slash the vampire! You freeze the vampire.
You destroy the vampire!
Cheibriados thoroughly appreciates the change of pace.
The flow of time bends around you.
Cheibriados rebukes the two-headed ogre.
The two-headed ogre seems to slow down.
You feel slightly more hungry. You block the two-headed ogre's attack.
The two-headed ogre completely misses you.
You hit the two-headed ogre. You freeze the two-headed ogre.
The two-headed ogre is lightly wounded.
You hit the two-headed ogre. You freeze the two-headed ogre.
The two-headed ogre is lightly wounded.
Things that are here:
a +0 troll leather armour; a troll corpse An iguana comes into view.
You block the two-headed ogre's attack. x2
The two-headed ogre hits you with a cursed -2 giant club!!
* * * LOW HITPOINT WARNING * * *
The two-headed ogre hits you with a +0 giant club!
You die...

, , , * * ## * .. ,,, ,,
* *, #. * * , , #.# * , ,
#.# *## , ,* ** , #.# ,..
,, . ,,
#+###.##.############....
............†))O@...l....
,....
..).).##.########...4....
.... ....(.# ....
,,#.####### ....
......##....o,* #.. , ,
.... ..V..§'.....o. ...#
,, .... ......##....O.
#..# .... ......# ....
#..# .... ####### *.
#..#* ..) ** . ,


You could see a two-headed ogre (slow), a chaos spawn (wandering) and an iguana
(wandering).

Vanquished Creatures
  Gastronok (D:8)
  Harold (D:9)
  Erolcha (D:10)
  A two-headed ogre (D:11)
  An unseen horror (D:8)
  An ugly thing (D:12)
  A cyclops (D:11)
  Maurice (D:9)
  Psyche (D:9)
  A centaur zombie (D:11)
  A rime drake (D:7)
  A troll (D:12)
  3 hippogriffs
  2 hornets
  A vampire (D:12)
  16 yaks
  2 chaos spawn (D:12)
  Eustachio (D:5)
  A hungry ghost (D:11)
  Menkaure (D:5)
  Edmund (D:6)
  Duvessa (D:5)
  5 orc warriors
  2 sky beasts (D:5)
  A necrophage (D:11)
  4 phantoms
  2 centaurs (D:5)
  5 ogres
  3 big kobolds
  4 bullfrogs
  Blork the orc (D:4)
  Dowan (D:5)
  3 scorpions
  9 killer bees
  3 wights (D:10)
  9 howler monkeys
  5 crimson imps
  A bullfrog zombie (D:7)
  2 hounds
  4 jellies
  8 orc priests
  10 orc wizards
  3 bullfrog skeletons
  2 iguanas
  Ijyb (D:5)
  Natasha (thrice) (D:4)
  6 worker ants
  4 hound skeletons
  4 gnolls (D:2)
  12 adders
  A howler monkey skeleton (D:9)
  2 river rats (D:4)
  4 shadow imps
  An ooze (D:1)
  6 worms
  3 dart slugs
  9 leopard geckos
  52 orcs
  6 bats
  9 giant cockroaches
  7 goblins
  8 hobgoblins
  3 jackals (D:8)
  4 quokkas
  5 ball pythons
  10 frilled lizards
  A jackal skeleton (D:7)
  39 kobolds
  A leopard gecko zombie (D:5)
  2 quokka zombies
  7 rats
338 creatures vanquished.

Notes
Turn   | Place    | Note
-------+----------+-------------------------------------------
     0 | D:1      | Ijustatesigmund the Octopode Fighter began the quest for
                  | the Orb.
     0 | D:1      | Reached XP level 1. HP: 16/16 MP: 1/1
    43 | D:1      | Reached XP level 2. HP: 6/21 MP: 2/2
   649 | D:1      | Reached skill level 1 in Stealth
   829 | D:1      | Reached XP level 3. HP: 26/26 MP: 3/3
  1366 | D:2      | Reached skill level 3 in Axes
  1366 | D:2      | Reached XP level 4. HP: 18/31 MP: 4/4
  2273 | D:3      | Reached XP level 5. HP: 25/36 MP: 5/5
  2466 | D:3      | Reached skill level 4 in Axes
  3603 | D:3      | Noticed a phantom
  3609 | D:3      | Reached XP level 6. HP: 41/42 MP: 6/6
  4128 | D:4      | Found a staircase to the Ecumenical Temple.
  4140 | D:4      | Found a white marble altar of Elyvilon.
  4176 | D:4      | Found a glowing drain.
  4190 | D:4      | Reached skill level 5 in Axes
  4201 | Sewer    | Entered a sewer
  4561 | Sewer    | Found the +0 staff of Battle
  4574 | Sewer    | Reached XP level 7. HP: 29/47 MP: 7/7
  4912 | D:4      | Noticed Natasha
  4918 | D:4      | Killed Natasha
  4990 | D:4      | Noticed Blork the orc
  4992 | D:4      | Noticed Natasha
  4994 | D:4      | Killed Natasha
  4998 | D:4      | Killed Blork the orc
  4998 | D:4      | Reached skill level 6 in Axes
  5002 | D:4      | Noticed Natasha
  5009 | D:4      | Killed Natasha
  5268 | D:4      | Found a stormy altar of Qazlal.
  5304 | D:5      | Entered Level 5 of the Dungeon
  5516 | D:5      | Noticed Duvessa
  5516 | D:5      | Noticed Dowan
  5521 | D:5      | Killed Dowan
  5527 | D:5      | Killed Duvessa
  5527 | D:5      | Reached XP level 8. HP: 33/54 MP: 8/8
  5798 | D:5      | Reached skill level 7 in Axes
  5843 | D:5      | Got a slimy flail
  5844 | D:5      | Identified the cursed +2 flail of Conscience {speed, MR+
                  | Stlth+} (You found it on level 5 of the Dungeon)
  5864 | D:5      | Noticed Eustachio
  5879 | D:5      | Killed Eustachio
  6118 | D:5      | Reached skill level 5 in Fighting
  6347 | D:5      | Reached skill level 5 in Dodging
  6347 | D:5      | Reached skill level 5 in Shields
  6731 | D:5      | Noticed Menkaure
  6737 | D:5      | Killed Menkaure
  6737 | D:5      | Reached XP level 9. HP: 32/61 MP: 9/9
  7000 | D:5      | Noticed Ijyb
  7005 | D:5      | Killed Ijyb
  7107 | D:5      | Found a shadowy altar of Dithmenos.
  7448 | D:6      | Noticed Edmund
  7464 | D:6      | Killed Edmund
  7896 | D:6      | Reached skill level 8 in Axes
  8163 | D:7      | Found an opulent altar of Gozag.
  8171 | D:7      | Found a burning altar of Makhleb.
  8174 | D:7      | Found a stormy altar of Qazlal.
  8177 | D:7      | Found a hide-covered altar of Uskayaw.
  8232 | D:7      | Found Ycaowun's Book Emporium.
  8667 | D:7      | Noticed a hornet
  8670 | D:7      | Paralysed by a hornet for 2 turns
  8674 | D:7      | Noticed a rime drake
  8674 | D:7      | a hornet changed into a rime drake
  8680 | D:7      | Killed a rime drake
  9074 | D:7      | Reached XP level 10. HP: 54/69 MP: 10/10
 10702 | D:8      | Noticed Gastronok
 10726 | D:8      | Killed Gastronok
 10726 | D:8      | Reached skill level 9 in Axes
 11383 | D:9      | Noticed an unseen horror
 11398 | D:8      | Killed an unseen horror
 11398 | D:8      | Reached XP level 11. HP: 24/77 MP: 11/11
 12280 | D:9      | Noticed Maurice
 12291 | D:9      | Killed Maurice
 12291 | D:9      | Reached skill level 10 in Axes
 12464 | D:9      | Gained mutation: Your spells are a little easier to cast,
                  | but a little less powerful. [potion of mutation]
 12464 | D:9      | Gained mutation: Your mind is acute. (Int +2) [potion of
                  | mutation]
 12538 | D:9      | Found a staircase to the Lair.
 12539 | D:9      | Noticed Psyche
 12545 | D:9      | Killed Psyche
 12603 | D:9      | Noticed Harold
 12619 | D:9      | Killed Harold
 12842 | D:9      | Found a transporter.
 13350 | D:9      | Found a transporter.
 13415 | D:10     | Entered Level 10 of the Dungeon
 13829 | Temple   | Entered the Ecumenical Temple
 13857 | Temple   | Became a worshipper of Cheibriados the Contemplative
 14037 | D:10     | Noticed Erolcha
 14052 | D:10     | Killed Erolcha
 14052 | D:10     | Reached skill level 1 in Invocations
 14871 | D:11     | Reached * piety under Cheibriados
 15035 | D:11     | Noticed a cyan ugly thing
 15219 | D:10     | HP: 3/80 [orc warrior/+0 scimitar (24)]
 15592 | D:11     | Found a staircase to the Orcish Mines.
 15727 | D:11     | Noticed a seven-headed hydra
 15727 | D:11     | Noticed a green ugly thing
 15776 | D:11     | Reached XP level 12. HP: 57/87 MP: 14/14
 16358 | D:11     | Noticed a two-headed ogre
 16367 | D:11     | Killed a two-headed ogre
 16367 | D:11     | Reached skill level 11 in Axes
 16642 | D:11     | Lost mutation: Your spells are a little easier to cast, but
                  | a little less powerful. [potion of mutation]
 16642 | D:11     | Gained mutation: You expend magic power (3 MP) to
                  | strengthen your wands. [potion of mutation]
 16642 | D:11     | Gained mutation: You passively map a small area around you.
                  | [potion of mutation]
 16642 | D:11     | Gained mutation: You evolve. [potion of mutation]
 16716 | D:12     | Found the +7 mace of Variability {chain chaos}
 16717 | D:12     | Found a shimmering altar of Xom.
 16723 | D:12     | Reached skill level 10 in Fighting
 16735 | D:12     | Reached ** piety under Cheibriados
 16737 | D:12     | HP: 3/87 [chaos spawn (14)]
 16820 | D:12     | Noticed a two-headed ogre
 16853 | D:12     | Reached skill level 5 in Invocations
 16864 | D:12     | Slain by a two-headed ogre

Illustrated notes

Levels and vault maps discovered:
D:1:      dpeg_arrival_more_subterranean_lakeside_camping, layout_loops_cross
D:2:      kennysheep_six_static_rooms, layout_loops_ring
D:3:      minmay_goblin_kobold_castle, layout_basic, kennysheep_big_empty_room
D:4:      layout_basic, elyvilon_altar_3, minmay_temple_entry_overgrown,
          first_ration, portal_sewer_entry_b, chequers_jeans,
          nicolae_qazlal_eye_of_the_storm, uniq_blork_the_orc, uniq_natasha
D:5:      layout_loops_ring, grunt_dithmenos_shadows, minmay_increasing_density,
          uniq_menkaure, uniq_duvessa, uniq_ijyb, uniq_eustachio
D:6:      layout_rooms, uniq_edmund
D:7:      layout_loops_ring, grunt_temple_overflow_cloverleaf, serial_shops,
          shop
D:8:      layout_basic, grunt_ogre_cave, uniq_gastronok
D:9:      gammafunk_cloud_chamber, layout_layer_cave, lair_entry_dummy,
          minmay_unpleasant_kobolds, uniq_maurice, uniq_psyche, uniq_harold
D:10:     layout_long_grid, nicolae_two_hexagons, uniq_erolcha
D:11:     layout_irregular_city, david_orc_2, grunt_decor_mini_mirrors,
          grunt_tough_drop
D:12:     layout_basic, minmay_guarded_unrand_variability
Temple:   regret_index_temple_sphere_string

Skill      XL: |  1  2  3  4  5  6  7  8  9 10 11 12 |
---------------+-------------------------------------+-----
Stealth        | 1 2 3 4 |  4.1
Axes           | 3 4 5 6 7 8 9 10 11 | 11.3
Fighting       | 4 5 6 8 9 10 | 10.2
Shields        | 4 5 6 8 9 |  9.0
Dodging        | 4 5 6 8 9 |  9.0
Invocations    | 3 5 |  5.1

Action                   |  1- 3 |  4- 6 |  7- 9 | 10-12 || total
-------------------------+-------+-------+-------+-------++-------
Melee: War axe           |    58 |   137 |   246 |   188 ||   629
       Constrict         |    17 |    38 |    53 |    67 ||   175
       Tentacles         |     5 |    26 |    66 |   144 ||   241
       Flail             |       |       |    13 |       ||    13
       Hand axe          |       |       |       |   275 ||   275
Invok: Bend Time         |       |       |       |     1 ||     1
Evoke: Wand              |       |       |     2 |     9 ||    11
  Use: Scroll            |     5 |     4 |     8 |    14 ||    31
       Potion            |       |     1 |     4 |    12 ||    17
 Stab: Sleeping          |     5 |     8 |    13 |    15 ||    41
       Distracted        |       |       |     1 |     1 ||     2
  Eat: Chunk             |     1 |    11 |     5 |    14 ||    31
       Ration            |       |       |     3 |     2 ||     5
Armor: Skin              |     5 |     5 |     2 |     5 ||    17
Dodge: Dodged            |    26 |    67 |   142 |   241 ||   476
Block: Kite shield       |    25 |    68 |   109 |   228 ||   430
